cohdb
Replays
Latest Replays
All Replays
Popular Replays
Top Player Replays
Match Explorer
How It Works
Community
CoH3 Stats
Reddit
Sign in to upload your games and track your stats! →
Sign in with Steam
Match 40264963
Unlisted
Match 40264963
Overview
Messages
Build Orders
End
Construct Section Command Post
Vickers Machine Gun Team
Dingo Light Scout Car
Infantry Section
Infantry Section
Construct Platoon Command Post
6-pounder Anti-tank Gun Team
Selects Indian Artillery Battlegroup
Selects War Cry
Selects Gurkha Rifles Section
Gurkha Rifles Section
Selects Artillery Saturation
Gurkha Rifles Section
CMP 15cwt Truck
Construct Company Command Post
Selects Volunteer Infantry
Foot Guards Section
Royal Engineer Section
Unlock M3 Grant Medium Tanks
抖音呆呆河马-英3小程序
932878721
爱姝琴的每一天
240200965
ゼロ
游戏玩家
ComradeIgor
想不出名字ing
0
0
Comments
sign in to comment!
No comments posted yet!